[Event "Titled Tuesday Blitz December 7 2021"]
[White "Alinasab, Mobina"]
[Black "Khanin, Semen"]
[WhiteFideId "12528897"]
[BlackFideId "4111990"]
[WhiteElo "2061"]
[BlackElo "2442"]
[Result "1-0"]
[Round "05"]
[TimeControl "180+1"]
[Date "2021.12.07"]
[WhiteClock "0:00:02"]
[BlackClock "0:00:01"]

1. e4 e5 2. Nf3 Nc6 3. Bb5 a6 4. Ba4 Bc5 5. c3 Ba7 6. O-O Nge7 7. d4 Ng6 8. d5 Nce7 9. d6 cxd6 10. Qxd6 O-O 11. Rd1 b5 12. Bb3 Bb8 13. Qd3 d6 14. a4 bxa4 15. Rxa4 h6 16. Na3 Bd7 17. Rxa6 Rxa6 18. Qxa6 Bc6 19. Qd3 Kh7 20. Nc4 f5 21. Nfxe5 Bxe4 22. Qe2 Nxe5 23. Nxe5 Qb6 24. Nd7 Qxb3 25. Nxf8+ Kg8 26. Nd7 Bc7 27. Bf4 Qa4 28. Bxd6 Qxd7 29. Qc4+ Nd5 30. Bxc7 Qxc7 31. Qxc7 Nxc7 32. c4 Kf8 33. b4 Ke7 34. b5 Ne6 35. f3 Bb7 36. Kf2 f4 37. g3 g5 38. gxf4 gxf4 39. Ra1 Nc5 40. Re1+ Kf6 41. Rg1 Nd3+ 42. Ke2 Ne5 43. Rc1 Bxf3+ 44. Kd2 Be4 45. Kc3 f3 46. Kd4 Kf5 47. Rf1 Kf4 48. c5 Nd3 49. c6 Ne5 50. Kc5 Ke3 51. c7 Bf5 52. Kd6 1-0


[Site "https://www.chess.com"]

[Event "Titled Tuesday Blitz December 7 2021"]
[White "Al-Tarboush, Ward"]
[Black "Nilsen, Tobias Lang"]
[WhiteFideId "7601450"]
[BlackFideId "1521624"]
[WhiteElo "2276"]
[BlackElo "1979"]
[Result "0-1"]
[Round "05"]
[TimeControl "180+1"]
[Date "2021.12.07"]
[WhiteClock "0:00:26"]
[BlackClock "0:00:24"]

1. e4 c5 2. Nf3 e6 3. d4 cxd4 4. Nxd4 Nc6 5. Nc3 Qc7 6. Be3 a6 7. Qd2 Nf6 8. O-O-O Bb4 9. f3 d6 10. g4 h6 11. h4 Bd7 12. Bd3 Nxd4 13. Bxd4 e5 14. Be3 Bxc3 15. bxc3 O-O-O 16. g5 hxg5 17. hxg5 Nh5 18. Qf2 Qxc3 19. Bb6 Qa3+ 20. Kd2 Rde8 21. Rb1 Nf4 22. Rxh8 Rxh8 23. Rb3 Qxa2 24. Ba7 Nxd3 25. Rxd3 Ba4 26. Rc3+ Kd7 27. Bb6 Bc6 28. f4 exf4 29. Qxf4 Qe6 30. Rf3 f6 31. gxf6 gxf6 32. Rg3 Rh2+ 33. Kc1 Rh1+ 34. Kd2 Qxe4 35. Qf2 Qb4+ 36. Ke2 Bb5+ 37. Rd3 Qg4+ 38. Kd2 Bxd3 39. cxd3 Qh4 40. Qf5+ Kc6 41. Bf2 Qg5+ 0-1


[Site "https://www.chess.com"]

[Event "Titled Tuesday Blitz December 7 2021"]
[White "Andreikin, Dmitry"]
[Black "Bacrot, Etienne"]
[WhiteFideId "4158814"]
[BlackFideId "605506"]
[WhiteElo "2736"]
[BlackElo "2673"]
[Result "1-0"]
[Round "05"]
[TimeControl "180+1"]
[Date "2021.12.07"]
[WhiteClock "0:01:34"]
[BlackClock "0:00:06"]

1. e4 c5 2. Nf3 d6 3. g3 Nc6 4. Bg2 g6 5. O-O Bg7 6. c3 Bg4 7. h3 Bxf3 8. Qxf3 Nf6 9. Qe2 O-O 10. f4 Nd7 11. a4 Na5 12. d3 Nb3 13. Ra3 Nxc1 14. Rxc1 a6 15. a5 b5 16. axb6 Qxb6 17. Kh2 Rab8 18. Rc2 e6 19. Nd2 d5 20. exd5 exd5 21. Bxd5 Rfe8 22. Qg2 Re1 23. Nf3 Rb1 24. Ng5 Rf8 25. Bxf7+ Rxf7 26. Qd5 Qf6 27. Rxa6 Qxa6 28. Qxf7+ Kh8 29. Qxd7 Qa1 30. Qe8+ Bf8 31. Qxf8# 1-0


[Site "https://www.chess.com"]

[Event "Titled Tuesday Blitz December 7 2021"]
[White "Aradhya, Garg"]
[Black "Yoo, Christopher Woojin"]
[WhiteFideId "25006746"]
[BlackFideId "30909694"]
[WhiteElo "2176"]
[BlackElo "2105"]
[Result "0-1"]
[Round "05"]
[TimeControl "180+1"]
[Date "2021.12.07"]
[WhiteClock "0:00:02"]
[BlackClock "0:00:20"]

1. d4 Nf6 2. c4 e6 3. Nf3 b6 4. Nc3 Bb7 5. a3 d5 6. cxd5 Nxd5 7. Qc2 Nxc3 8. Qxc3 Nd7 9. Bg5 f6 10. Bf4 c5 11. e3 Rc8 12. Bb5 a6 13. Bxd7+ Qxd7 14. O-O cxd4 15. Qxd4 Qxd4 16. exd4 Kd7 17. Nd2 Bd6 18. Be3 Rc2 19. Rfc1 Rhc8 20. Rxc2 Rxc2 21. b3 Bd5 22. f3 f5 23. g3 Rc3 24. Kf2 Bxb3 25. Rb1 Bd5 26. Rxb6 Rxa3 27. Bf4 Bxf4 28. gxf4 Rd3 29. Ke2 Ra3 30. Nb1 Rxf3 31. Rxa6 Rxf4 32. Ra7+ Kd6 33. Rxg7 Rh4 34. Nc3 Rxh2+ 35. Kd3 Rh3+ 36. Kd2 Bc4 37. Na4 Rd3+ 38. Kc2 Rxd4 39. Rxh7 Bd3+ 40. Kc3 Rxa4 41. Kxd3 Ke5 42. Rb7 Ra3+ 43. Ke2 f4 44. Rb4 Kf5 45. Kf2 e5 46. Rb5 Re3 47. Rc5 Kg4 48. Rc8 Ra3 49. Rg8+ Kf5 50. Rf8+ Ke4 51. Rb8 Ra2+ 52. Ke1 Kf3 53. Rb3+ Kg4 54. Rb4 Kg3 55. Re4 f3 56. Rxe5 f2+ 57. Kf1 Ra1+ 58. Re1 fxe1=R# 0-1


[Site "https://www.chess.com"]

[Event "Titled Tuesday Blitz December 7 2021"]
[White "Azadaliyev, Jahandar"]
[Black "Baskin, Robert"]
[WhiteFideId "13425811"]
[BlackFideId "24662402"]
[WhiteElo "1795"]
[BlackElo "2488"]
[Result "1/2-1/2"]
[Round "05"]
[TimeControl "180+1"]
[Date "2021.12.07"]
[WhiteClock "0:01:20"]
[BlackClock "0:00:22"]

1. d4 Nf6 2. c4 e6 3. Nf3 Bb4+ 4. Nbd2 O-O 5. g3 b6 6. a3 Bxd2+ 7. Bxd2 Bb7 8. Bg2 d6 9. O-O a5 10. Rc1 Nbd7 11. Bc3 a4 12. Re1 Be4 13. Nd2 Bxg2 14. Kxg2 d5 15. e4 dxe4 16. Nxe4 Nxe4 17. Rxe4 Nf6 18. Re3 Qd7 19. Qf3 Qd8 20. Rd1 Ra7 21. d5 exd5 22. Bxf6 Qxf6 23. Qxf6 gxf6 24. Rxd5 Ra5 25. Rxa5 bxa5 26. Re7 Rb8 27. Re2 Rd8 28. Kf3 Rd3+ 29. Ke4 Rb3 30. Kd4 Kg7 31. Kc5 Rb6 32. f4 h5 33. Kd5 Rd6+ 34. Kc5 Rb6 35. Rd2 Kg6 36. Re2 Kg7 1/2-1/2


[Site "https://www.chess.com"]

[Event "Titled Tuesday Blitz December 7 2021"]
[White "Bach, Ngoc Thuy Duong"]
[Black "Kadam, Om Manish"]
[WhiteFideId "12408956"]
[BlackFideId "45076294"]
[WhiteElo "1896"]
[BlackElo "1729"]
[Result "0-1"]
[Round "05"]
[TimeControl "180+1"]
[Date "2021.12.07"]
[WhiteClock "0:00:08"]
[BlackClock "0:00:27"]

1. d4 Nf6 2. c4 e6 3. Nc3 d5 4. cxd5 exd5 5. Bg5 Be7 6. e3 O-O 7. Bd3 Nbd7 8. Nf3 c6 9. O-O Re8 10. Qc2 Nf8 11. h3 h6 12. Bf4 Ne6 13. Bh2 g6 14. Ne5 Ng7 15. Rae1 Bf5 16. f3 Bb4 17. Rd1 Qb6 18. Na4 Qa5 19. e4 Be6 20. b3 Rad8 21. Bf4 dxe4 22. fxe4 Rxd4 23. Bxh6 Qxe5 24. Bf4 Qh5 25. Be3 Qe5 26. Bf4 Qa5 27. Be3 Rd6 28. Rxf6 Bxb3 29. axb3 Rxf6 30. Bd4 Rd6 31. Bb2 Red8 32. e5 Rd5 33. Be2 Ne6 34. Rf1 Rxe5 35. Bxe5 Qxe5 36. Bf3 Nd4 37. Qf2 f5 38. Nb2 Bc5 39. Nd3 Nxf3+ 40. Kh1 Bxf2 41. Nxe5 Nxe5 42. Rxf2 Rd1+ 43. Kh2 Kf7 44. Ra2 a6 45. Ra5 Ke6 46. Ra4 Rd5 47. Rb4 Rb5 48. Rxb5 axb5 49. Kg3 c5 50. Kf4 c4 0-1


[Site "https://www.chess.com"]

[Event "Titled Tuesday Blitz December 7 2021"]
[White "Berezin, Viktor"]
[Black "Nozdrachev, Leonid"]
[WhiteFideId "14107872"]
[BlackFideId "24113433"]
[WhiteElo "2310"]
[BlackElo "2124"]
[Result "0-1"]
[Round "05"]
[TimeControl "180+1"]
[Date "2021.12.07"]
[WhiteClock "0:00:05"]
[BlackClock "0:00:30"]

1. d4 d6 2. Nf3 b6 3. g3 Bb7 4. Bg2 h6 5. O-O g5 6. h3 Bg7 7. c4 Nd7 8. Nc3 Nf8 9. d5 e5 10. dxe6 fxe6 11. e4 Bxc3 12. bxc3 Bxe4 13. Nxg5 hxg5 14. Bxe4 Rxh3 15. Bc6+ Nd7 16. Qg4 Rh6 17. Re1 Kf7 18. Qf3+ Rf6 19. Qh5+ Rg6 20. Rxe6 Ngf6 21. Qe2 Ne5 22. Rxe5 dxe5 23. Bxa8 Qxa8 24. Qxe5 Rh6 25. Kf1 Qf3 26. Ke1 Rh1+ 27. Kd2 Qd1+ 28. Ke3 Re1# 0-1


[Site "https://www.chess.com"]

[Event "Titled Tuesday Blitz December 7 2021"]
[White "Bloomer, Josh"]
[Black "Hjartarson, Johann"]
[WhiteFideId "2020416"]
[BlackFideId "2300044"]
[WhiteElo "2425"]
[BlackElo "2502"]
[Result "1-0"]
[Round "05"]
[TimeControl "180+1"]
[Date "2021.12.07"]
[WhiteClock "0:01:58"]
[BlackClock "0:01:29"]

1. e4 Nf6 2. e5 Nd5 3. d4 d6 4. Nf3 Bg4 5. Be2 e6 6. O-O Be7 7. c4 Nb6 8. Nc3 O-O 9. Be3 Nc6 10. exd6 cxd6 11. d5 exd5 12. Nxd5 Nxd5 13. Qxd5 Bf6 14. Qd2 Qa5 15. Qxd6 Bxb2 16. Rab1 Ba3 17. Qg3 Bf5 18. Rb5 Qc3 19. Rxf5 g6 20. Rb5 b6 21. Rb3 Qa5 22. Nd4 Nxd4 23. Bxd4 Rfe8 24. Rxa3 1-0


[Site "https://www.chess.com"]

[Event "Titled Tuesday Blitz December 7 2021"]
[White "Bologan, Victor"]
[Black "Willow, Jonah B"]
[WhiteFideId "13900048"]
[BlackFideId "438804"]
[WhiteElo "2472"]
[BlackElo "2261"]
[Result "1/2-1/2"]
[Round "05"]
[TimeControl "180+1"]
[Date "2021.12.07"]
[WhiteClock "0:00:05"]
[BlackClock "0:00:05"]

1. e4 c5 2. Nf3 g6 3. c3 Nf6 4. e5 Nd5 5. d4 Bg7 6. dxc5 Nc7 7. Bf4 Ne6 8. Bg3 Nxc5 9. h4 h6 10. Nbd2 Nc6 11. Bc4 O-O 12. O-O b6 13. b4 Ne6 14. Qe2 Bb7 15. Rfd1 Qc7 16. Rac1 Rac8 17. Bb3 Rfd8 18. Nf1 Qb8 19. Bd5 a6 20. Ne3 Na7 21. Bxb7 Qxb7 22. Nd5 Re8 23. c4 Nc6 24. a4 a5 25. b5 Nb4 26. Nxb4 axb4 27. Qb2 Nc5 28. Qxb4 Ra8 29. Ra1 Ra5 30. Nd2 d6 31. Nb3 Nxb3 32. Qxb3 dxe5 33. Qb4 Rc8 34. Rac1 Rca8 35. c5 bxc5 36. Qxc5 Rxa4 37. Bxe5 Rxh4 38. Bxg7 Kxg7 39. Qe5+ f6 40. Rc7 fxe5 41. Rxb7 Kf6 42. Rb1 Raa4 43. Rc7 Rab4 44. Rcc1 Rhc4 45. Re1 Ke6 46. b6 Rxb1 47. Rxb1 Rc8 48. b7 Rb8 49. Rb6+ Kd5 50. Rxg6 Rxb7 51. Rxh6 e4 52. Rh3 Ke5 53. Kh2 e6 54. Ra3 Rb2 55. Kg3 Rb8 56. Ra5+ Kd4 57. Ra4+ Ke5 58. Ra5+ Kd4 59. Ra4+ Ke5 60. Ra3 Rg8+ 61. Kh2 Rh8+ 62. Kg1 Rb8 63. g3 Rb2 64. Kg2 Kd4 65. g4 Ke5 66. Kg3 Rb8 67. Ra5+ Kd4 68. g5 Rb3+ 69. Kg4 Rf3 70. Ra2 Ke5 71. Ra5+ Kd4 72. Ra4+ Ke5 73. Ra5+ Kd4 1/2-1/2


[Site "https://www.chess.com"]

[Event "Titled Tuesday Blitz December 7 2021"]
[White "Brunner, Nicolas"]
[Black "Csonka, Balazs"]
[WhiteFideId "620246"]
[BlackFideId "742910"]
[WhiteElo "2372"]
[BlackElo "2404"]
[Result "1/2-1/2"]
[Round "05"]
[TimeControl "180+1"]
[Date "2021.12.07"]
[WhiteClock "0:02:48"]
[BlackClock "0:02:42"]

1. d4 d5 2. c4 c6 3. cxd5 cxd5 4. Nc3 Nf6 5. Bf4 Nc6 6. e3 a6 7. Bd3 Bg4 8. Nge2 e6 9. O-O Bxe2 10. Qxe2 Bd6 1/2-1/2


[Site "https://www.chess.com"]

[Event "Titled Tuesday Blitz December 7 2021"]
[White "Budrewicz, Krzysztof"]
[Black "Zierk, Steven"]
[WhiteFideId "1127950"]
[BlackFideId "2034255"]
[WhiteElo "2242"]
[BlackElo "2494"]
[Result "0-1"]
[Round "05"]
[TimeControl "180+1"]
[Date "2021.12.07"]
[WhiteClock "0:00:08"]
[BlackClock "0:00:18"]

1. d4 d5 2. c4 dxc4 3. Nf3 Nf6 4. e3 e6 5. Bxc4 c5 6. O-O a6 7. Qe2 b5 8. Bd3 Bb7 9. Rd1 Nbd7 10. dxc5 Bxc5 11. Nc3 O-O 12. a3 Rc8 13. h3 Qe7 14. e4 e5 15. Bg5 h6 16. Bh4 Qe6 17. Rac1 Nh5 18. Kh2 Nf4 19. Qf1 Nb6 20. Bg3 Rfd8 21. Bxf4 exf4 22. Qe2 Nd7 23. Bb1 Ne5 24. Ba2 Qe8 25. Rxd8 Rxd8 26. Nd5 Bxd5 27. Bxd5 Rxd5 28. Qc2 Nxf3+ 29. gxf3 Rh5 30. Rg1 Bd4 31. b4 Qe6 32. Rg4 Qc4 33. Qd2 Qf1 34. Qxf4 Rxh3# 0-1


[Site "https://www.chess.com"]

[Event "Titled Tuesday Blitz December 7 2021"]
[White "Butti, Enrique"]
[Black "Vlassov, Nikolai"]
[WhiteFideId "3700470"]
[BlackFideId "4103360"]
[WhiteElo "2080"]
[BlackElo "2407"]
[Result "0-1"]
[Round "05"]
[TimeControl "180+1"]
[Date "2021.12.07"]
[WhiteClock "0:01:08"]
[BlackClock "0:00:06"]

1. d4 Nf6 2. Nf3 e6 3. e3 c5 4. Bd3 b6 5. O-O Bb7 6. b3 Be7 7. Bb2 d6 8. c4 Nbd7 9. Nc3 a6 10. Qe2 Qc7 11. Rad1 O-O-O 12. d5 e5 13. Nd2 Rde8 14. f4 exf4 15. exf4 h5 16. Qf3 Kb8 17. Nce4 Bc8 18. Ng5 Rhf8 19. Rde1 g6 20. Nde4 Nxe4 21. Bxe4 Bf6 22. Bxf6 Nxf6 23. Bc2 Bg4 24. Qf2 Rxe1 25. Rxe1 Re8 26. h3 Bc8 27. f5 Rxe1+ 28. Qxe1 gxf5 29. Qf2 Qd7 30. Qf4 b5 31. Nf3 bxc4 32. bxc4 Kc7 33. Nh4 Ne4 34. Bxe4 fxe4 35. Qxe4 Qd8 36. Nf3 Qf6 37. Qc2 Bxh3 38. Kf2 Bg4 39. Qa4 Qb2+ 40. Kg3 Qb7 41. Qa5+ Kb8 42. Qd8+ Ka7 43. Qxd6 Qb8 44. Qxb8+ Kxb8 45. Ne5 Be2 46. Kf2 Bd1 47. Nd7+ Kc7 48. Nxc5 a5 49. Ne4 Bc2 50. Nc3 Kd6 51. Ke3 Kc5 52. Kd2 Bf5 53. a3 Kxc4 54. d6 Kc5 55. Ke3 Kxd6 56. Kf4 Bg6 57. Kg5 Kc5 58. Na4+ Kc4 59. Nb6+ Kb3 60. a4 Kb4 61. Kf6 h4 62. Kg5 Be4 63. Kf4 Bxg2 64. Kg4 h3 0-1


[Site "https://www.chess.com"]

[Event "Titled Tuesday Blitz December 7 2021"]
[White "Cruz Mendez, Jean Marco"]
[Black "Ezat, Mohamed"]
[WhiteFideId "3526402"]
[BlackFideId "10600906"]
[WhiteElo "2064"]
[BlackElo "2400"]
[Result "1-0"]
[Round "05"]
[TimeControl "180+1"]
[Date "2021.12.07"]
[WhiteClock "0:00:44"]
[BlackClock "0:00:12"]

1. d4 Nf6 2. Bf4 c5 3. e3 cxd4 4. exd4 d5 5. Nf3 Nc6 6. Nbd2 Bg4 7. Nb3 e6 8. h3 Bh5 9. Be2 a5 10. a4 Bd6 11. Bxd6 Qxd6 12. O-O O-O 13. c3 Rfb8 14. Nfd2 Bg6 15. f4 Ne4 16. Nxe4 Bxe4 17. Bd3 f5 18. Qe2 Ne7 19. Bb5 Kh8 20. Nc5 Ng8 21. Nd3 Bxd3 22. Bxd3 Nf6 23. Qe5 Rd8 24. Rae1 Ne4 25. Bxe4 dxe4 26. g4 Qxe5 27. fxe5 g6 28. gxf5 gxf5 29. Kf2 b5 30. axb5 Rab8 31. Ke3 Rxb5 32. Re2 Rg8 33. Kf4 Rg6 34. c4 Rb3 35. d5 Rgg3 36. dxe6 Rbf3+ 37. Rxf3 Rxf3+ 38. Kg5 Kg7 39. Rd2 e3 40. Rd7+ Kf8 41. Kf6 Ke8 42. Rxh7 Kd8 43. e7+ Kd7 44. Rh8 1-0


[Site "https://www.chess.com"]

[Event "Titled Tuesday Blitz December 7 2021"]
[White "Cvetanovic, Uros"]
[Black "Chen, Justin"]
[WhiteFideId "900672"]
[BlackFideId "2098199"]
[WhiteElo "2282"]
[BlackElo "2605"]
[Result "1-0"]
[Round "05"]
[TimeControl "180+1"]
[Date "2021.12.07"]
[WhiteClock "0:00:12"]
[BlackClock "0:00:03"]

1. Nc3 d5 2. e4 dxe4 3. Nxe4 Nf6 4. Nxf6+ exf6 5. Bc4 Bd6 6. Qe2+ Qe7 7. Qxe7+ Kxe7 8. Nf3 Be6 9. Bb3 a5 10. d4 a4 11. Bxe6 fxe6 12. O-O Nd7 13. Re1 Kf7 14. Be3 Rhe8 15. Rad1 Rad8 16. c4 e5 17. d5 Nc5 18. Re2 Bf8 19. Nd2 c6 20. Nb1 cxd5 21. cxd5 Rd7 22. Nc3 Red8 23. g3 a3 24. b3 Na6 25. Bb6 Rc8 26. Nb5 Nb4 27. d6 Rc2 28. Rdd2 Rc6 29. Ba5 Na6 30. Bc7 Ke6 31. f4 Kf5 32. fxe5 fxe5 33. Rf2+ Ke6 34. Rxf8 Nxc7 35. Nxc7+ Rcxc7 36. dxc7 Rxc7 37. Re8+ Kf7 38. Rxe5 Kf6 39. Re4 b5 40. Rf4+ Kg6 41. Re2 Rc2 42. Rxc2 1-0


[Site "https://www.chess.com"]

[Event "Titled Tuesday Blitz December 7 2021"]
[White "Daniel, Damian"]
[Black "Perez Gormaz, Matias"]
[WhiteFideId "1183621"]
[BlackFideId "3406342"]
[WhiteElo "2055"]
[BlackElo "2352"]
[Result "1-0"]
[Round "05"]
[TimeControl "180+1"]
[Date "2021.12.07"]
[WhiteClock "0:00:06"]
[BlackClock "0:00:01"]

1. Nf3 d5 2. g3 Nf6 3. Bg2 c6 4. c4 e6 5. cxd5 exd5 6. O-O Be7 7. d3 O-O 8. Nc3 d4 9. Ne4 Nxe4 10. dxe4 c5 11. e3 Nc6 12. exd4 cxd4 13. Ne1 Be6 14. Nd3 Qd7 15. f4 f6 16. Bd2 a5 17. a3 Bc4 18. Qf3 Rac8 19. Rac1 b5 20. Rfe1 a4 21. Bf1 Bd6 22. Qh5 Qe7 23. Nf2 Bxf1 24. Rxf1 Na7 25. Qd5+ Kh8 26. Nd3 Rcd8 27. Ba5 Rd7 28. Qf5 g6 29. Qh3 f5 30. e5 Bb8 31. Qg2 Qe6 32. Rc2 Rc8 33. Rfc1 Rxc2 34. Rxc2 Kg7 35. h4 Qb3 36. Nc5 Qe3+ 37. Qf2 Rd5 38. Ne6+ Kh6 39. Bb4 Qxf2+ 40. Kxf2 d3 41. Rd2 Kh5 42. Kf3 Nc6 43. Ng7+ Kh6 44. Bf8 Nd4+ 45. Ke3 Ba7 46. Kxd3 1-0


[Site "https://www.chess.com"]

[Event "Titled Tuesday Blitz December 7 2021"]
[White "Demchenko, Anton"]
[Black "Dronavalli, Harika"]
[WhiteFideId "4160258"]
[BlackFideId "5015197"]
[WhiteElo "2531"]
[BlackElo "2382"]
[Result "0-1"]
[Round "05"]
[TimeControl "180+1"]
[Date "2021.12.07"]
[WhiteClock "0:00:12"]
[BlackClock "0:00:24"]

1. e4 e6 2. d4 d5 3. Nd2 c5 4. exd5 exd5 5. Ngf3 Nc6 6. Bb5 Qe7+ 7. Be2 Qc7 8. O-O Nf6 9. Re1 Be7 10. dxc5 Bxc5 11. Nb3 Bb6 12. Bd3+ Be6 13. Be3 Bxe3 14. Rxe3 O-O 15. h3 h6 16. Nbd4 Rae8 17. c3 Bd7 18. Rxe8 Rxe8 19. Qb3 Nxd4 20. Nxd4 a6 21. Rd1 Bc8 22. Bf1 Qe5 23. g3 Qh5 24. h4 g5 25. hxg5 hxg5 26. Rc1 Kg7 27. Bg2 Rh8 28. Qd1 Bg4 29. f3 Bd7 30. Kf2 g4 31. f4 Bf5 32. Qh1 Be4 33. Qxh5 Rxh5 34. Rg1 Rh2 35. Kf1 Bd3+ 36. Ke1 Be4 37. Kf1 Kf8 38. b3 b5 39. a4 bxa4 40. bxa4 Bd3+ 41. Ke1 Ne4 42. Bxe4 dxe4 43. Nf5 e3 44. Nxe3 Re2+ 45. Kd1 Rxe3 46. Kd2 Rf3 47. a5 Bb5 48. Kc2 Kg7 49. Kb3 Kg6 50. Kb4 Re3 51. c4 Re4 52. Rc1 Bd7 53. Kc5 Re3 54. Kd6 Bc8 55. Kc7 Be6 56. c5 Rxg3 57. c6 Rb3 58. Kd6 g3 59. c7 g2 60. Rg1 Rg3 61. Ke5 Kh5 62. f5 Bc8 63. Kf4 Kh4 64. Ke5 Kh3 65. Kf6 Kh2 66. Re1 g1=Q 67. Rxg1 Rxg1 68. Kxf7 Rf1 69. f6 Rf5 70. Ke7 Rxa5 71. f7 Re5+ 72. Kf6 Rf5+ 73. Ke7 a5 74. f8=Q Rxf8 75. Kxf8 a4 76. Ke7 a3 77. Kd8 Ba6 78. Kd7 a2 79. Kc6 a1=Q 80. Kb6 Bc8 81. Kc6 Qa6+ 82. Kd5 Qb7+ 83. Kd6 Kg2 84. Ke7 Qxc7+ 85. Ke8 Bd7+ 86. Kf8 Bb5 0-1


[Site "https://www.chess.com"]

[Event "Titled Tuesday Blitz December 7 2021"]
[White "Diaz Camallonga, Carles"]
[Black "Moskalenko, Alexander"]
[WhiteFideId "22235256"]
[BlackFideId "4155351"]
[WhiteElo "2438"]
[BlackElo "2515"]
[Result "0-1"]
[Round "05"]
[TimeControl "180+1"]
[Date "2021.12.07"]
[WhiteClock "0:00:01"]
[BlackClock "0:00:39"]

1. e4 e6 2. d4 d5 3. Nc3 Nf6 4. Bg5 dxe4 5. Nxe4 Be7 6. Bxf6 gxf6 7. Qd3 Nc6 8. O-O-O Nb4 9. Qb3 Qd5 10. Qxd5 Nxd5 11. Be2 f5 12. Nd2 c5 13. Bf3 Nb6 14. Ne2 Rb8 15. Nb3 c4 16. Nc5 Nd7 17. Nxd7 Bxd7 18. h4 b5 19. Nf4 Bd6 20. Nh5 Ke7 21. Rhe1 Rhg8 22. g3 b4 23. Re3 a5 24. Nf4 Kd8 25. Nh3 h6 26. Nf4 Kc7 27. Nh5 Rg6 28. Nf4 Rgg8 29. Nh5 Bb5 30. Nf6 Rg6 31. Nh5 a4 32. Nf4 Rgg8 33. Bh5 Rgf8 34. Ree1 Bc6 35. Kb1 Bxf4 36. gxf4 Bd5 37. Re3 Kd6 38. Rg3 c3 39. Rdg1 cxb2 40. Kxb2 a3+ 41. Kb1 Rbc8 42. Rc1 Rc3 43. Rxc3 bxc3 44. Ka1 Rc8 45. Rb1 Rc4 46. Rb3 Rxd4 47. Rxc3 Rxf4 48. Rxa3 Rxf2 49. Bxf7 Rxc2 50. h5 f4 51. Ra6+ Ke5 52. Ra5 f3 53. Bg6 Rd2 0-1


[Site "https://www.chess.com"]

[Event "Titled Tuesday Blitz December 7 2021"]
[White "Donchenko, Alexander"]
[Black "Artemenko, Oleg"]
[WhiteFideId "24603295"]
[BlackFideId "14201798"]
[WhiteElo "2494"]
[BlackElo "2287"]
[Result "1-0"]
[Round "05"]
[TimeControl "180+1"]
[Date "2021.12.07"]
[WhiteClock "0:00:09"]
[BlackClock "0:00:02"]

1. e4 e6 2. d4 d5 3. Nc3 Nf6 4. e5 Nfd7 5. f4 c5 6. Nf3 Nc6 7. Be3 Qb6 8. Na4 Qa5+ 9. c3 b6 10. Kf2 Ba6 11. a3 Bxf1 12. Rxf1 cxd4 13. cxd4 Be7 14. b4 Qa6 15. Nc3 Qb7 16. f5 Nd8 17. Qd3 Rc8 18. Rac1 a6 19. Kg1 exf5 20. Qxf5 g6 21. Qb1 Ne6 22. Qb3 Nc7 23. Bh6 b5 24. Rf2 Nb6 25. Bg7 Rg8 26. Bf6 Ne6 27. Rcf1 Rc4 28. Ne2 h6 29. Qe3 Bf8 30. Nf4 Qd7 31. Nxe6 Qxe6 32. Nd2 Rc7 33. Nb3 Nc4 34. Qc1 g5 35. Nc5 Bxc5 36. bxc5 Kd7 37. h4 Qg4 38. hxg5 hxg5 39. a4 b4 40. a5 Rc6 41. Qb1 Rb8 42. Bg7 f5 43. exf6 Qxd4 44. Qf5+ Kc7 45. Kh1 Qh4+ 46. Kg1 Qd4 47. Qxg5 Ne3 48. Re1 Re6 49. f7 Qd3 50. f8=Q Rxf8 51. Bxf8 Kc6 52. Bd6 b3 53. Qg8 Qe4 54. Qb8 Kd7 55. Qb7+ Ke8 56. Rf8# 1-0


[Site "https://www.chess.com"]

[Event "Titled Tuesday Blitz December 7 2021"]
[White "Durarbayli, Vasif"]
[Black "Maksimenko, Viktor"]
[WhiteFideId "13402935"]
[BlackFideId "13710478"]
[WhiteElo "2599"]
[BlackElo "2269"]
[Result "1-0"]
[Round "05"]
[TimeControl "180+1"]
[Date "2021.12.07"]
[WhiteClock "0:00:16"]
[BlackClock "0:00:07"]

1. e4 c6 2. d4 d5 3. exd5 cxd5 4. c4 Nf6 5. Nc3 Nc6 6. Nf3 e6 7. c5 Ne4 8. Bb5 Qa5 9. Qd3 a6 10. Bxc6+ bxc6 11. Ne5 Nxc3 12. bxc3 Qa4 13. Qf3 Ra7 14. O-O f6 15. Qh5+ g6 16. Nxg6 Rg8 17. Nxf8+ Kxf8 18. Rb1 Qa5 19. Bf4 Qd8 20. Rb8 Kg7 21. Qh6+ Kh8 22. Rxc8 Qxc8 23. Qxf6+ Rag7 24. Be5 Qb7 25. Qxe6 a5 26. Qh6 a4 27. g3 a3 28. h4 Qb2 29. h5 Qxa2 30. Qf6 1-0


[Site "https://www.chess.com"]

[Event "Titled Tuesday Blitz December 7 2021"]
[White "Dzhaparov, Medet"]
[Black "Dolzhykova, Kateryna"]
[WhiteFideId "13803689"]
[BlackFideId "14113414"]
[WhiteElo "1702"]
[BlackElo "2094"]
[Result "1-0"]
[Round "05"]
[TimeControl "180+1"]
[Date "2021.12.07"]
[WhiteClock "0:00:12"]
[BlackClock "0:00:02"]

1. d4 Nf6 2. c4 e6 3. Nc3 d5 4. cxd5 exd5 5. Bg5 c6 6. e3 Be7 7. Bd3 h6 8. Bh4 O-O 9. Qc2 Re8 10. Nge2 Nbd7 11. O-O Ne4 12. Bxe7 Qxe7 13. Rae1 Ndf6 14. f3 Nxc3 15. Nxc3 c5 16. dxc5 Qxc5 17. Nb5 Qxc2 18. Bxc2 Re7 19. Kf2 Be6 20. Bb3 a6 21. Nd4 Rc8 22. Rc1 Rec7 23. Rxc7 Rxc7 24. Rd1 Kf8 25. g4 Ke7 26. h4 g5 27. Kg3 Rc5 28. Rh1 b5 29. hxg5 hxg5 30. Rh8 a5 31. a3 Rc1 32. Nxb5 Rb1 33. Rh2 Nd7 34. Nc3 Rc1 35. Rd2 Nb6 36. Nxd5+ Bxd5 37. Bxd5 f6 38. e4 Na4 39. b3 Nc3 40. Bc4 Nb1 41. Rd5 Nxa3 42. Rxa5 Nxc4 43. Rc5 Rg1+ 44. Kf2 Rb1 45. bxc4 Rc1 46. Rc7+ Kd6 47. Rf7 Ke6 48. Rc7 Kd6 49. Rc8 Kd7 50. Rc5 Kd6 51. Rd5+ Ke6 52. c5 Rc2+ 53. Kg3 Rc3 54. Rd6+ Ke7 55. Rc6 Kd7 56. Rxf6 Rxc5 57. Rf5 Rxf5 58. gxf5 Ke7 59. e5 1-0


[Site "https://www.chess.com"]

[Event "Titled Tuesday Blitz December 7 2021"]
[White "Faizrakhmanov, Ramil"]
[Black "Klabis, Rokas"]
[WhiteFideId "24103209"]
[BlackFideId "12805246"]
[WhiteElo "2396"]
[BlackElo "2255"]
[Result "1-0"]
[Round "05"]
[TimeControl "180+1"]
[Date "2021.12.07"]
[WhiteClock "0:00:29"]
[BlackClock "0:00:16"]

1. e4 e5 2. Nf3 Nc6 3. Bb5 Nge7 4. O-O a6 5. Ba4 g6 6. d4 exd4 7. Nxd4 b5 8. Bb3 Bg7 9. Be3 O-O 10. Nc3 Na5 11. Nde2 Nxb3 12. axb3 Bb7 13. Bd4 Bh6 14. f4 Nc6 15. Be3 Re8 16. Qd2 b4 17. Nd5 Rxe4 18. Ng3 Re8 19. f5 Bxe3+ 20. Nxe3 Ne5 21. Qxb4 Rb8 22. Qf4 g5 23. Qd4 f6 24. Nh5 Rf8 25. Nd5 d6 26. c4 Bc8 27. Rfe1 Rxb3 28. Ndxf6+ Rxf6 29. Rxe5 c5 30. Nxf6+ Kf7 31. Qd5+ Kxf6 32. Rae1 Rxb2 33. Re8 Qa5 34. Qxd6+ Kxf5 35. Qd3+ Kf6 36. Rf1+ Kg7 37. Re7+ 1-0


[Site "https://www.chess.com"]

[Event "Titled Tuesday Blitz December 7 2021"]
[White "Ferreira, Vitor Hugo Vieira"]
[Black "Nikologorskiy, Konstantin"]
[WhiteFideId "2119765"]
[BlackFideId "24111708"]
[WhiteElo "2216"]
[BlackElo "2346"]
[Result "1-0"]
[Round "05"]
[TimeControl "180+1"]
[Date "2021.12.07"]
[WhiteClock "0:00:16"]
[BlackClock "0:00:05"]

1. e4 c5 2. Nf3 d6 3. d4 cxd4 4. Nxd4 Nf6 5. Nc3 a6 6. h3 e5 7. Nb3 h5 8. Be3 Be6 9. Qf3 Be7 10. O-O-O Nbd7 11. Rg1 Rc8 12. Nd5 Bxd5 13. exd5 b5 14. g4 hxg4 15. hxg4 Qc7 16. c3 b4 17. c4 a5 18. g5 Nh5 19. g6 fxg6 20. Bd3 Nhf6 21. Bxg6+ Kd8 22. Nd2 a4 23. Bf5 e4 24. Qe2 b3 25. a3 Ne5 26. Bxc8 Qxc8 27. Kb1 Qf5 28. Rg5 Qh7 29. Bb6+ Kd7 30. Be3 Rc8 31. c5 Nxd5 32. Qb5+ Ke6 33. Rxe5+ Kxe5 34. Nc4+ Ke6 35. Rxd5 Qh1+ 36. Bc1 Kxd5 37. Nb6+ Ke6 38. Nxc8 Qd1 39. Qc4+ d5 40. Qc3 Bf6 41. Qd2 Qxd2 42. Bxd2 d4 43. Nb6 g5 44. Nxa4 g4 45. Bf4 Kd5 46. Nb6+ Kxc5 47. Nd7+ Kc4 48. Nxf6 Kd3 49. Nxg4 Ke2 50. Be5 d3 51. Bc3 Kf3 52. Nf6 e3 53. fxe3 Kxe3 54. a4 1-0


[Site "https://www.chess.com"]